 Dungeon Crawl Stone Soup version 0.27.1-2-g3b301248ec (webtiles) character file.

Game seed: 16710729020578174903

121 snilloc10 the Cudgeller (level 4, 0/37 HPs)
             Began as a Minotaur Gladiator on Sept 29, 2021.
             Slain by a wyvern (18 damage)
             ... on level 3 of the Dungeon.
             The game lasted 00:09:39 (2380 turns).

snilloc10 the Cudgeller (Minotaur Gladiator)        Turns: 2380, Time: 00:09:39

Health: 0/37       AC:  3    Str: 19    XL:     4   Next: 77%
Magic:  3/3        EV: 13    Int:  5    God:
Gold:   31         SH:  0    Dex: 12    Spells: 3/3 levels left

rFire    . . .     SeeInvis .   a - +0 flail
rCold    . . .     Faith    .   (no shield)
rNeg     . . .     Spirit   .   b - +0 leather armour
rPois    +         Reflect  .   c - +0 hat
rElec    .         Harm     .   (no cloak)
rCorr    +         Rampage  .   (no gloves)
Will     .....                  (no boots)
Stlth    +.........             (no amulet)
HPRegen  0.12/turn              f - ring of resist corrosion
MPRegen  0.08/turn              i - ring of poison resistance

@: no status effects
A: horns 2, retaliatory headbutt
a: no special abilities


You were on level 3 of the Dungeon.
You visited 1 branch of the dungeon, and saw 3 of its levels.

You collected 67 gold pieces.
You spent 36 gold pieces at shops.

Inventory:

Hand Weapons
 a - a +0 flail (weapon)
 j - a +1 dagger of venom
 k - a +1 short sword of venom
Missiles
 h - an atropa-tipped dart (quivered)
Armour
 b - a +0 leather armour (worn)
 c - a +0 hat (worn)
Jewellery
 f - a ring of resist corrosion (left hand)
 i - a ring of poison resistance (right hand)
Potions
 e - a potion of resistance
 g - a potion of curing
 l - 2 potions of heal wounds


   Skills:
 + Level 2.4 Fighting
 + Level 5.4 Maces & Flails
 - Level 2.0 Throwing
 * Level 4.9 Dodging


You had 3 spell levels left.
You didn't know any spells.
Your spell library contained the following spells:

 Spells                   Type           Power      Damage    Failure   Level
 Ignite Poison            Fire/Tmut/Pois 0%         N/A       88%         3
 Mephitic Cloud           Conj/Pois/Air  0%         N/A       88%         3
 Leda's Liquefaction      Hex/Erth       0%         N/A       99%         4
 Bolt of Magma            Conj/Fire/Erth 0%         4d4       100%        5
 Statue Form              Tmut/Erth      0%         N/A       100%        6


Dungeon Overview and Level Annotations

Branches:
Dungeon (3/15)

Altars:

Shops:
D:2 !

Annotations:
D:3 Ijyb


Innate Abilities, Weirdness & Mutations

You have a pair of horns on your head.
You reflexively headbutt those who attack you in melee.


Message History

Your +0 hat melds into your body.
Your +0 leather armour melds into your body.
Your ring of resist corrosion melds into your body.
Your ring of poison resistance melds into your body.
The sky beast flickers out of sight!
Deactivating autopickup; reactivate with Ctrl-A.
Ijyb zaps a wand.
Ijyb zaps a wand.
A sky beast appears from thin air!
Reactivating autopickup.
Ijyb zaps a wand.
You resist with some effort.
The sky beast flickers out of sight!
Deactivating autopickup; reactivate with Ctrl-A.
Ijyb zaps a wand.
You resist with some effort.
A sky beast appears from thin air!
Reactivating autopickup.
The sky beast flickers out of sight!
Deactivating autopickup; reactivate with Ctrl-A.
Ijyb zaps a wand.
A wyvern appears out of thin air!
Reactivating autopickup.
Your transformation is almost over.
Ijyb screams, "Get away!"
The wyvern misses you.
Ijyb zaps a wand.
You barely miss Ijyb.
Ijyb is moderately wounded.
The wyvern misses you. Ijyb completely misses you.
The wyvern barely misses you.
You hit Ijyb but do no damage.
Ijyb is moderately wounded.
The wyvern closely misses you.
Ijyb zaps a wand.
You resist with some effort.
You barely miss Ijyb.
Ijyb is moderately wounded.
Your transformation has ended.
Your +0 flail unmelds from your body.
Your +0 hat unmelds from your body.
Your +0 leather armour unmelds from your body.
Your ring of resist corrosion unmelds from your body.
Your ring of poison resistance unmelds from your body.
The wyvern bites you! Ijyb hits you with a +0 club. The wyvern bites you!!
You die...

###########
#.........#
#.........#
#.........#
#.........#
#.........#
#.........#
#######.....g@l.#
#...............#
####.......#########
..≈........#
...≈g.###### ......#
#. ......# #.
..(...# #..###
..(...### #....


You could see a wyvern and Ijyb.

Vanquished Creatures
  An orc wizard (D:3)
  3 adders
  A worm (D:2)
  A dart slug (D:2)
  2 orcs (D:3)
  4 ball pythons
  3 bats
  8 endoplasms
  6 giant cockroaches
  5 goblins (D:1)
  6 hobgoblins
  2 quokkas (D:1)
  2 frilled lizards (D:1)
  6 kobolds
  7 rats
57 creatures vanquished.

Notes
Turn   | Place    | Note
-------+----------+-------------------------------------------
     0 | D:1      | snilloc10 the Minotaur Gladiator began the quest for the
                  | Orb.
     0 | D:1      | Reached XP level 1. HP: 18/18 MP: 0/0
   128 | D:1      | Reached skill level 4 in Maces & Flails
   130 | D:1      | Reached XP level 2. HP: 22/25 MP: 1/1
   916 | D:1      | Reached XP level 3. HP: 25/30 MP: 2/2
  1609 | D:2      | Found Sish's Distillery.
  1620 | D:2      | Bought a potion of curing for 36 gold pieces
  1637 | D:2      | Found a faded altar of an unknown god.
  1944 | D:2      | Reached XP level 4. HP: 37/37 MP: 3/3
  2035 | D:2      | Reached skill level 5 in Maces & Flails
  2322 | D:3      | Noticed Ijyb
  2323 | D:3      | Noticed a sky beast
  2363 | D:3      | Noticed a wyvern
  2380 | D:3      | Slain by a wyvern

Illustrated notes

Levels and vault maps discovered:
D:1:      psy_arrival_terrarium, layout_basic
D:2:      layout_basic, serial_shops, shop_fountains,
          shapermc_ecumenical_altar_venn
D:3:      layout_basic, chei_slow_surprise, uniq_ijyb, uniq_terence,
          uniq_jessica, uniq_sigmund

Skill      XL: |  1  2  3  4 |
---------------+-------------+-----
Maces & Flails | 4 5 |  5.4
Dodging        | 4 |  4.9
Fighting       | |  2.4
Throwing       | |  2.0

Action                   |  1- 3 |  4- 6 || total
-------------------------+-------+-------++-------
Melee: Flail             |    66 |    24 ||    90
       Headbutt          |    12 |     5 ||    17
       Unarmed           |       |     3 ||     3
Throw: Throwing net      |       |     5 ||     5
       Dart              |       |     3 ||     3
  Use: Potion            |     2 |       ||     2
       Scroll            |       |     2 ||     2
 Stab: Sleeping          |     1 |       ||     1
Armor: Leather armour    |    10 |     2 ||    12
Dodge: Dodged            |    41 |    16 ||    57
